 Dungeon Crawl Stone Soup version 0.29.0-3-gbb0933ed62 (webtiles) character file.

Game seed: 7440047814570182538

441 Voxie the Covered (level 7, 0/38 HPs)
             Began as a Gargoyle Fighter on Aug 25, 2022.
             Was a Follower of Hepliaklqana.
             Slain by a gnoll bouda
             ... wielding a +4 whip
              (10 damage)
             ... on level 5 of the Dungeon.
             The game lasted 00:06:01 (5059 turns).

Voxie the Covered (Gargoyle Fighter)                Turns: 5059, Time: 00:06:02

Health: 0/38       AC: 14    Str: 22    XL:     7   Next: 2%
Magic:  7/7        EV:  9    Int:  8    God:    Hepliaklqana [*.....]
Gold:   40         SH:  4    Dex:  9    Spells: 6/6 levels left

rFire   . . .      SeeInvis .   a - +0 morningstar
rCold   + . .      Faith    .   c - +0 buckler
rNeg    + . .      Spirit   .   b - +0 scale mail
rPois   ∞          Reflect  .   t - +0 helmet
rElec   +          Harm     .   (no cloak)
rCorr   .          Rampage  .   (no gloves)
Will    .....                   v - +0 pair of boots
Stlth   ..........              (no amulet)
HPRegen 0.12/turn               k - ring of protection from cold
MPRegen 0.10/turn               (no ring)

@: weakened
A: reduced essence, sickness immunity, AC +4, negative energy resistance 1,
electricity resistance, torment resistance 1, petrification resistance
a: Renounce Religion, Recall Ancestor, Ancestor Identity


You were on level 5 of the Dungeon.
You worshipped Hepliaklqana.
Hepliaklqana was aware of your devotion.
You visited 1 branch of the dungeon, and saw 5 of its levels.

You collected 191 gold pieces.
You spent 151 gold pieces at shops.


Innate Abilities, Weirdness & Mutations

Your life essence is reduced to manifest your ancestor. (-10% HP)
You are immune to sickness and miasma.
Your stone body is resilient. (AC +4)
You are immune to poison.
You resist negative energy. (rN+)
You are resistant to electric shocks. (rElec)
You are resistant to unholy torment.
You are immune to petrification.


   Skills:
 + Level 4.1 Fighting
 + Level 4.8 Maces & Flails
 + Level 0.7 Throwing
 + Level 5.3 Armour
 + Level 1.0 Dodging
 + Level 0.6 Stealth
 + Level 4.0 Shields


You had 6 spell levels left.
You didn't know any spells.
Your spell library contained the following spells:

 Spells                   Type           Power      Damage    Failure   Level
 Beastly Appendage        Tmut           0%         N/A       80%         1
 Magic Dart               Conj           0%         1d3       80%         1
 Sandblast                Erth           0%         2d4       80%         1
 Passwall                 Tmut/Erth      0%         N/A       91%         2
 Searing Ray              Conj           0%         2d4       91%         2
 Wereblood                Tmut           0%         N/A       91%         2
 Frozen Ramparts          Ice            0%         1d1       99%         3
 Ozocubu's Armour         Ice            0%         N/A       99%         3
 Spider Form              Tmut/Pois      0%         N/A       99%         3
 Stone Arrow              Conj/Erth      0%         3d7       99%         3
 Fulminant Prism          Conj/Hex       0%         3d6       100%        4
 Ice Form                 Ice/Tmut       0%         N/A       100%        4
 Summon Ice Beast         Ice/Summ       0%         N/A       100%        4
 Ozocubu's Refrigeration  Ice            0%         4d7       100%        7


Dungeon Overview and Level Annotations

Branches:
Dungeon (5/15)
 Temple: D:4-7

Altars:
Elyvilon
Hepliaklqana
Kikubaaqudgha

Shops:
D:2 !   D:4 !

Annotations:
D:3 1 runed translucent door, Crazy Yiuf

Inventory:

Hand Weapons
 a - a +0 morningstar (weapon)
   (You took it off an orc on level 4 of the Dungeon)
Missiles
 i - 3 javelins
 m - 3 stones (quivered)
Armour
 b - a +0 scale mail (worn)
 c - a +0 buckler (worn)
 t - a +0 helmet (worn)
   (You found it on level 4 of the Dungeon)
 v - a +0 pair of boots (worn)
   (You found it on level 3 of the Dungeon)
Jewellery
 k - a ring of protection from cold (left hand)
   (You found it on level 1 of the Dungeon)
Wands
 p - a wand of light (4)
   (You took it off Jessica on level 2 of the Dungeon)
Scrolls
 f - a scroll of magic mapping {unknown}
 j - a scroll of blinking {unknown}
 n - a scroll of enchant weapon {unknown}
 s - a scroll of teleportation {unknown}
 u - a scroll of fear {unknown}
 w - a scroll of noise {unknown}
 x - 2 scrolls of brand weapon {unknown}
 y - a scroll of amnesia {unknown}
Potions
 d - a potion of might
 e - a potion of berserk rage
 g - a potion of heal wounds {@q2}
 h - 6 potions of curing {@q1}
 l - 2 potions of brilliance
 o - a potion of resistance {unknown}
 q - a potion of lignification {!q}
 r - a potion of haste {unknown}
 z - a potion of magic {unknown}

#.#.#.# #. #..#
....... ... ...#
#.#.#.. .#. ..#
....... .. ..#
#.#.#.. #.##g#
....... #...R#
###.... ####g#
###### #g#
#...#####@#
###..........# #
#...######.#.# ..
#.#.# #.#.# #..
...# #.#.# ..#.
..# #...# #.#.#
#.# #.#.#
..#.###.####+#.#.#
#................#


You could see the friendly Roo the ancestor, a gnoll bouda and 2 gnolls.


Message History

You hear a twanging sound.
An arrow appears from out of your range of vision.
The arrow hits Roo!
Roo is destroyed!
An iguana comes into view.
The iguana hisses angrily.
There is a stone staircase leading up here.
You climb upwards.
There is a stone staircase leading down here.
Roo emerges from the mists of memory!
(D) Dungeon
Where to? (Enter - D:4 @ (x,y), ? - help)
There is a stone staircase leading up here.
There is a stone staircase leading down here.
You start resting.
HP restored.
You start resting.
HP restored.
You climb downwards.
There is a stone staircase leading up here.
i - 3 javelins You pick up a book of Changes and begin reading...
You add the spells Beastly Appendage, Wereblood and Spider Form to your library.
The gnoll bouda shouts!
You hear a shout! x2
The gnoll bouda hits you with a +4 whip.
You barely miss the gnoll bouda.
The gnoll bouda barks out a call to the hunt!
The gnoll picks up the pace!
The gnoll bouda hits you but does no damage.
You closely miss the gnoll bouda.
The gnoll hits you from afar with a +0 halberd.
The gnoll bouda hits you but does no damage.
You closely miss the gnoll bouda.
The gnoll hits you from afar with a +0 halberd.
The gnoll bouda gazes fiercely through you!
You feel your attacks grow feeble.
The gnoll bouda hits you with a +4 whip.
The gnoll bouda attacks as you move away!
The gnoll bouda barely misses you.
Roo hits the gnoll bouda.
Roo hits the gnoll bouda.
Roo hits the gnoll!
You hit the gnoll bouda.
The gnoll bouda is lightly wounded.
The gnoll barely misses you.
The gnoll bouda hits you with a +4 whip!
The gnoll hits Roo with a +0 flail!
Roo barely misses the gnoll.
The gnoll hits you from afar with a +0 halberd!
* * * LOW HITPOINT WARNING * * *
The gnoll bouda hits you with a +4 whip!
You die...

Levels and vault maps discovered:
D:1:      shiori_arrival_whats_in_store_for_you, layout_loops_ring,
          hellmonk_ecumenical_altar_blasted, nicolae_figureground_pulse
D:2:      layout_basic, serial_shops, nicolae_shop_trees, uniq_jessica
D:3:      layout_loops_corners, lemuel_crystal_altar, serial_forest,
          infiniplex_forest_zigzag_2, infiniplex_forest_clump_tiny,
          infiniplex_forest_zigzag_1, infiniplex_forest_straight_4,
          infiniplex_forest_clump_diagonal, infiniplex_forest_lined_3,
          infiniplex_forest_clump_small, serial_bayou_lake_a,
          uniq_crazy_yiuf_cottage
D:4:      layout_loops_ring, grunt_temple_overflow_open, serial_shops,
          nicolae_diamond_shop, serial_park_tiny_2, minmay_misc_feat_nine_boxes,
          nicolae_eternal_life, moated_statue, kennysheep_nub, uniq_natasha
D:5:      layout_basic, general_overflow_altar, temple_pool_b, serial_glass,
          glass_columns_a, glass_columns_a, glass_columns_a, glass_columns_c,
          glass_columns_b, glass_columns_a, glass_columns_c, glass_columns_c

Vanquished Creatures
  A necrophage (D:5)
  2 hounds
  Jessica (D:2)
  Natasha (twice) (D:4)
  An orc wizard (D:4)
  6 gnolls
  7 adders
  A worm (D:2)
  13 orcs
  8 ball pythons
  2 bats (D:2)
  7 endoplasms
  3 giant cockroaches
  4 goblins
  9 hobgoblins
  3 jackals (D:3)
  A quokka (D:1)
  4 frilled lizards
  5 kobolds
  5 rats
85 creatures vanquished.

Vanquished Creatures (others)
  An ancestor (D:5)
  2 plants (D:3)
3 creatures vanquished.

Grand Total: 88 creatures vanquished

Table legend: (Time is in decaauts)
 A = Elapsed time spent in this place.
 B = Non-inter-level travel time spent in this place.
 C = Inter-level travel time spent in this place.
 D = Time resting spent in this place.
 E = Time spent auto-exploring this place.
 F = Levels seen in this place.
 G = Mean time per level.
                   A        B        C        D        E       F      G
               +--------+--------+--------+--------+--------+-----+--------+
         Total |   5194 |   4699 |    495 |    262 |   3649 |   5 | 1038.8 |
       Dungeon |   5194 |   4699 |    495 |    262 |   3649 |   5 | 1038.8 |
               +--------+--------+--------+--------+--------+-----+--------+

Top non-repeatable levels by time:
     D:4: 1426 daAuts
     D:3: 1376 daAuts
     D:2: 1098 daAuts
     D:1: 918 daAuts
     D:5: 375 daAuts

Table legend:
 A = Kills in this place as a percentage of kills in entire the game.
 B = Kills by you in this place as a percentage of kills by you in the entire game.
 C = Kills by friends in this place as a percentage of kills by friends in the entire game.
 D = Other kills in this place as a percentage of other kills in the entire game.
 E = Experience gained in this place as a percentage of experience gained in the entire game.
 F = Experience gained in this place divided by the number of levels of this place that you have seen.
                   A       B       C       D       E      F
               +-------+-------+-------+-------+-------+----------------------
         Total | 100.0 | 100.0 |   N/A |   N/A | 100.0 | 126.0
       Dungeon | 100.0 | 100.0 |   N/A |   N/A | 100.0 | 126.0
               +-------+-------+-------+-------+-------+----------------------

Notes
Turn   | Place    | Note
-------+----------+-------------------------------------------
     0 | D:1      | Voxie the Gargoyle Fighter began the quest for the Orb.
     0 | D:1      | Reached XP level 1. HP: 14/14 MP: 1/1
     1 | D:1      | Noticed a tengu
     2 | D:1      | Noticed a merfolk
    11 | D:1      | Noticed a formicid
    17 | D:1      | Noticed a merfolk zombie
   180 | D:1      | Found a faded altar of an unknown god.
   258 | D:1      | Reached XP level 2. HP: 17/19 MP: 2/2
  1071 | D:2      | Reached XP level 3. HP: 23/24 MP: 3/3
  1186 | D:2      | Reached skill level 3 in Maces & Flails
  1238 | D:2      | Noticed Jessica
  1244 | D:2      | Killed Jessica
  1245 | D:2      | Reached XP level 4. HP: 17/29 MP: 4/4
  1639 | D:2      | Found Unoyniv's Distillery.
  1643 | D:2      | Bought a potion of heal wounds for 70 gold pieces
  1968 | D:4      | Found Otumitodom's Distillery.
  1976 | D:4      | Bought a potion of lignification for 39 gold pieces
  1985 | D:4      | Found a hazy altar of Hepliaklqana.
  1997 | D:4      | Found an ancient bone altar of Kikubaaqudgha.
  2010 | D:4      | Reached XP level 5. HP: 21/33 MP: 5/5
  2019 | D:4      | HP: 4/33 [orc/+0 flail (5)]
  2371 | D:4      | Noticed Natasha
  2379 | D:4      | Killed Natasha
  2380 | D:4      | Reached skill level 4 in Armour
  2447 | D:4      | Became a worshipper of Hepliaklqana the Forgotten
  2564 | D:4      | Noticed Natasha
  2578 | D:4      | Killed Natasha
  2967 | D:3      | Reached skill level 4 in Maces & Flails
  2971 | D:3      | Reached skill level 4 in Fighting
  2982 | D:3      | Reached XP level 6. HP: 22/38 MP: 6/6
  3365 | D:3      | Found a white marble altar of Elyvilon.
  3492 | D:3      | Found a runed translucent door.
  3493 | D:3      | Noticed Crazy Yiuf
  4421 | D:2      | Bought a potion of curing for 42 gold pieces
  4492 | D:5      | Entered Level 5 of the Dungeon
  4499 | D:5      | Reached skill level 5 in Armour
  4701 | D:5      | Reached skill level 1 in Dodging
  4745 | D:5      | Reached skill level 4 in Shields
  4798 | D:5      | Reached * piety under Hepliaklqana
  4866 | D:5      | Reached XP level 7. HP: 18/38 MP: 7/7
  5059 | D:5      | Slain by a gnoll bouda

Action                   |  1- 3 |  4- 6 |  7- 9 || total
-------------------------+-------+-------+-------++-------
Melee: Flail             |    81 |    59 |       ||   140
       Morningstar       |       |   160 |     4 ||   164
Throw: Javelin           |     2 |     4 |       ||     6
       Stone             |       |    17 |       ||    17
Invok: Ancestor Identity |       |     1 |       ||     1
  Use: Potion            |       |     2 |       ||     2
       Scroll            |       |     2 |       ||     2
Armor: Scale mail        |    57 |   116 |     2 ||   175
Dodge: Dodged            |    45 |    98 |     2 ||   145
Block: Buckler           |    19 |    48 |       ||    67
